 Dungeon Crawl Stone Soup version 0.19.0-9-gfd783f2 (webtiles) character file.

11419 PhynixH2O the Fighter (level 11, -2/104 HPs)
             Began as a Ghoul Gladiator on Nov 6, 2016.
             Was a High Priest of Okawaru.
             Slain by an 11-headed hydra (12 damage)
             ... on level 12 of the Dungeon on Nov 7, 2016.
             The game lasted 01:07:21 (14468 turns).

PhynixH2O the Fighter (Ghoul Gladiator)            Turns: 14468, Time: 01:07:21

Health: -2/104     AC: 22    Str: 28    XL:     11   Next: 77%
Magic:  10/10      EV: 10    Int:  3    God:    Okawaru [*****.]
Gold:   547        SH:  0    Dex: 12    Spells: 0 memorised, 10 levels left

rFire  + . .     SeeInvis .     g - +0 war axe (vamp)
rCold  . . .     Gourm    .     t - +3 chain mail
rNeg   + + +     Faith    .     (no shield)
rPois  ∞         Spirit   .     c - +0 helmet
rElec  .         Reflect  .     H - +1 cloak of the Sky {Str+3}
rCorr  .         Harm     .     n - +2 pair of gloves {Str+3}
MR     .....                    i - +0 pair of boots
Stlth  ..........               h - amulet of magic regeneration
                                D - ring of fire
                                b - +2 ring of dexterity

@: about to teleport, rotting
A: rotting body, claws 1, carnivore 3, cold resistance 1, negative energy
resistance 3, slow regeneration 1, torment resistance, unbreathing
a: Heroism, Finesse, Renounce Religion


You were on level 12 of the Dungeon.
You worshipped Okawaru.
Okawaru was extremely pleased with you.
You were not hungry.

You visited 3 branches of the dungeon, and saw 14 of its levels.
You also visited: Sewer.

You collected 727 gold pieces.
You spent 180 gold pieces at shops.

Inventory:

Hand Weapons
 g - a +0 vampiric war axe (weapon)
Missiles
 O - 3 tomahawks of dispersal (quivered)
Armour
 c - a +0 helmet (worn)
 i - a +0 pair of boots (worn)
 n - a +2 pair of gloves of strength (worn)
 t - a +3 chain mail (worn)
 H - the +1 cloak of the Sky (worn) {Str+3}
   (You found it on level 9 of the Dungeon)

   It affects your strength (+3).
Rods
 p - a +0 rod of inaccuracy (11/11)
   (You found it on level 5 of the Dungeon)
Jewellery
 b - a +2 ring of dexterity (left hand)
 h - an amulet of magic regeneration (around neck)
 u - an uncursed ring of flight
 D - a ring of fire (right hand)
Wands
 d - a wand of confusion (27/48)
 G - a wand of teleportation (3/9)
 N - a wand of lightning (7/15)
Scrolls
 a - 2 scrolls of immolation
 j - a scroll of fear
 r - 2 scrolls of identify
 y - 4 scrolls of remove curse
 z - a scroll of teleportation
 E - 2 scrolls of recharging
 L - a scroll of amnesia
Potions
 l - 2 potions of agility
 s - 4 potions of curing
 v - a potion of mutation {unknown}
 w - a potion of berserk rage {unknown}
 x - 4 potions of flight {unknown}
 A - 4 potions of degeneration {unknown}
 B - a potion of invisibility {unknown}
 K - a potion of heal wounds
Books
 I - the Tome of Transmutation and Stones
   (You found it on level 9 of the Dungeon)

   Spells                             Type                      Level
   a - Stone Arrow                    Conjuration/Earth            3
   b - Spider Form                    Transmutation/Poison         3
   c - Irradiate                      Conjuration/Transmutation    5
   d - Lee's Rapid Deconstruction     Earth                        5
 J - a book of Misfortune

   Spells                             Type                      Level
   a - Confusing Touch                Hexes                        1
   b - Confuse                        Hexes                        3
   c - Gell's Gravitas                Hexes/Translocation          3
   d - Petrify                        Transmutation/Earth          4
   e - Metabolic Englaciation         Hexes/Ice                    5
   f - Yara's Violent Unravelling     Hexes/Transmutation          5
 M - Jeckaugi's Disquisition on Creation and the Glacier
   (You found it on level 10 of the Dungeon)

   Spells                             Type                      Level
   a - Freeze                         Ice                          1
   b - Summon Butterflies             Summoning                    1
   c - Ensorcelled Hibernation        Hexes/Ice                    2
   d - Call Imp                       Summoning                    2
   e - Throw Icicle                   Conjuration/Ice              4
   f - Aura of Abjuration             Summoning                    5
   g - Summon Forest                  Summoning/Translocation      5
Comestibles
 f - 6 meat rations
 k - 3 slices of pizza
 q - 2 beef jerkies


   Skills:
 - Level 12.3 Fighting
 - Level 11.0 Axes
 - Level 1.7 Throwing
 + Level 7.8 Armour
 - Level 2.6 Dodging


You had 10 spell levels left.
You didn't know any spells.

Dungeon Overview and Level Annotations

Branches:
Dungeon (12/15)            Temple (1/1) D:6            Lair (0/6) D:11
    Orc (1/2) D:9

Altars:
Ashenzari
Cheibriados
Dithmenos
Elyvilon
Fedhas
Gozag
Hepliaklqana
Kikubaaqudgha
Makhleb
Nemelex Xobeh
Okawaru
Qazlal
Ru
Sif Muna
Trog
Uskayaw
Vehumet
Xom
Yredelemnul
Zin
The Shining One

Shops:
D:10 !!

Annotations:
D:4 Bekkur's ghost, amateur DsGl
D:10 Snorg
D:11 exclusion: 2 oklob plants


Innate Abilities, Weirdness & Mutations

Your body is rotting away.
You thrive on raw meat.
You are immune to poison.
You have sharp fingernails.
You are carnivorous and can eat meat at any time.
Your flesh is cold resistant. (rC+)
You are immune to negative energy. (rN+++)
You regenerate slowly when monsters are visible.
You are immune to unholy pain and torment.
You can survive without breathing.


Message History

The 11-headed hydra barely misses you.
The 11-headed hydra bites you but does no damage. x2
Evoke which item? (* to show all) (? for menu, Esc to quit)
Zapping:
G - a wand of teleportation {zapped: 3} (will waste charges)
Press: ? - help, Shift-Dir - straight line, f - you You feel strangely unstable.
Evoking this partially-identified wand wasted a few charges.
The 11-headed hydra bites you but does no damage.
The 11-headed hydra closely misses you. The 11-headed hydra bites you.
The 11-headed hydra bites you but does no damage.
The 11-headed hydra closely misses you. The 11-headed hydra bites you.
The 11-headed hydra completely misses you.
The 11-headed hydra bites you!
* * * LOW HITPOINT WARNING * * *
The 11-headed hydra bites you.
* * * LOW HITPOINT WARNING * * *
The 11-headed hydra bites you!
* * * LOW HITPOINT WARNING * * *
The 11-headed hydra bites you!
You die...

#.# #.# #.# #.# #.#
#.#
#.##################
#...K...............
#..@Dt..............
#.#################.
#.# #. #.# #. #.# #.
#.########## #.
#..<........ ..
#........... ..
#........... .#


You could see a 11-headed hydra, a crocodile and a kobold.

Vanquished Creatures
  A skeletal warrior (D:11)
  An unseen horror (D:11)
  The ghost of zigs the Devastator, a novice DEWz of Sif Muna (D:9)
  An ugly thing (D:11)
  A manticore (D:11)
  Joseph (D:7)
  2 gargoyles (D:10)
  A two-headed ogre (D:8)
  3 trolls
  3 hippogriffs
  5 yaks
  A wyvern (D:8)
  2 wraiths
  A hungry ghost (D:4)
  Menkaure (D:4)
  A water moccasin (D:10)
  A black bear (D:7)
  2 orc warriors
  3 ice beasts
  4 phantoms
  4 ogres
  4 centaurs
  Blork the orc (D:4)
  4 bullfrogs
  6 big kobolds
  4 scorpions
  17 killer bees
  4 howler monkeys
  8 crimson imps
  A bullfrog zombie (D:7)
  2 quasits
  A jelly (D:9)
  4 centaur skeletons
  5 hounds
  A gnoll shaman (D:5)
  2 orc priests
  3 bullfrog skeletons
  Terence (D:3)
  2 iguanas
  Ijyb (D:3)
  2 orc wizards (D:8)
  9 worker ants
  A killer bee zombie (D:6)
  2 hound zombies
  8 gnolls (D:5)
  14 adders
  A river rat (Sewer)
  2 shadow imps
  3 oozes
  An adder skeleton (D:7)
  An adder zombie (D:6)
  4 worms
  A dart slug (D:1)
  10 leopard geckos
  17 orcs
  2 ball pythons
  8 giant cockroaches
  7 goblins
  8 hobgoblins
  15 jackals
  33 kobolds
  5 quokkas
  9 bats
  9 frilled lizards
  A jackal skeleton (D:4)
  A jackal zombie (D:8)
  9 rats
294 creatures vanquished.

Notes
Turn   | Place    | Note
-------+----------+-------------------------------------------
     0 | D:1      | PhynixH2O the Ghoul Gladiator began the quest for the Orb.
     0 | D:1      | Reached XP level 1. HP: 17/17 MP: 0/0
   126 | D:1      | Reached XP level 2. HP: 7/25 MP: 1/1
   548 | D:1      | Reached skill level 3 in Fighting
   730 | D:1      | Reached XP level 3. HP: 19/31 MP: 2/2
  1167 | D:2      | Found a stormy altar of Qazlal.
  1379 | D:2      | Reached XP level 4. HP: 31/40 MP: 3/3
  1427 | D:2      | Reached skill level 4 in Fighting
  2294 | D:3      | Noticed Terence
  2300 | D:3      | Killed Terence
  2300 | D:3      | Reached XP level 5. HP: 40/47 MP: 4/4
  2469 | D:3      | Reached skill level 5 in Fighting
  2820 | D:3      | Found a faded altar of an unknown god.
  3166 | D:3      | Noticed Ijyb
  3179 | D:3      | Killed Ijyb
  3179 | D:3      | Reached XP level 6. HP: 55/56 MP: 5/5
  3349 | D:4      | Noticed Menkaure
  3358 | D:4      | Noticed Blork the orc
  3368 | D:4      | Killed Blork the orc
  3368 | D:4      | Reached skill level 6 in Fighting
  3377 | D:4      | Killed Menkaure
  3377 | D:4      | Reached XP level 7. HP: 11/64 MP: 6/6
  3809 | D:4      | Noticed Bekkur's ghost (amateur DsGl)
  4253 | D:4      | Noticed a hungry ghost
  4274 | D:4      | Killed a hungry ghost
  4274 | D:4      | Reached skill level 7 in Fighting
  4274 | D:4      | Reached skill level 5 in Axes
  4684 | D:4      | Found a burning altar of Makhleb.
  4905 | D:5      | Entered Level 5 of the Dungeon
  4949 | D:5      | Reached XP level 8. HP: 69/71 MP: 7/7
  4967 | D:5      | Identified a +0 rod of inaccuracy (11/11) (You found it on level 5 of the Dungeon)
  5411 | D:5      | Found a glowing drain.
  5422 | Sewer    | Entered a sewer
  5534 | Sewer    | Found a white marble altar of Elyvilon.
  6274 | D:6      | Reached skill level 8 in Fighting
  6547 | D:6      | Found a shattered altar of Ashenzari.
  6663 | D:6      | Found a staircase to the Ecumenical Temple.
  6679 | Temple   | Entered the Ecumenical Temple
  6780 | Temple   | Became a worshipper of Warmaster Okawaru
  7283 | D:7      | Noticed Joseph
  7297 | D:7      | Killed Joseph
  7297 | D:7      | Reached * piety under Okawaru
  7297 | D:7      | Reached skill level 9 in Fighting
  7297 | D:7      | Reached XP level 9. HP: 44/83 MP: 8/8
  7889 | D:7      | Found a deep blue altar of Sif Muna.
  8212 | D:7      | Reached ** piety under Okawaru
  9040 | D:8      | Found a hazy altar of Hepliaklqana.
  9053 | D:8      | Reached skill level 10 in Fighting
  9053 | D:8      | Reached XP level 10. HP: 68/93 MP: 9/9
  9056 | D:8      | Reached skill level 10 in Axes
  9568 | D:9      | Got a spiked cloak
  9580 | D:9      | Identified the +1 cloak of the Sky {Str+3} (You found it on level 9 of the Dungeon)
  9623 | D:9      | Reached skill level 1 in Armour
  9628 | D:9      | Reached *** piety under Okawaru
  9685 | D:9      | Noticed zigs's ghost (novice DEWz)
  9704 | D:9      | Killed zigs's ghost
  9747 | D:9      | Found a hide-covered altar of Uskayaw.
  9747 | D:9      | Found a snail-covered altar of Cheibriados.
  9750 | D:9      | Found an opulent altar of Gozag.
  9751 | D:9      | Found a shadowy altar of Dithmenos.
  9753 | D:9      | Identified the Tome of Transmutation and Stones
  9873 | D:9      | Found a staircase to the Orcish Mines.
 10639 | D:10     | Entered Level 10 of the Dungeon
 10771 | D:10     | Found Cupp's Distillery.
 10775 | D:10     | Reached **** piety under Okawaru
 10786 | D:10     | Bought a potion of heal wounds for 70 gold pieces
 10814 | D:10     | Noticed a gargoyle
 10823 | D:10     | Killed a gargoyle
 10823 | D:10     | Reached skill level 11 in Fighting
 10845 | D:10     | Reached skill level 5 in Armour
 10916 | D:10     | Identified Jeckaugi's Disquisition on Creation and the Glacier
 10946 | D:10     | Found Houremm's Distillery.
 11137 | D:10     | Reached XP level 11. HP: 99/102 MP: 10/10
 11257 | D:10     | Noticed Snorg
 11276 | D:10     | HP: 1/102 [Snorg (14)]
 11875 | D:11     | Noticed a white ugly thing
 11891 | D:11     | Killed a white ugly thing
 11891 | D:11     | Received a gift from Okawaru
 11926 | D:11     | Reached ***** piety under Okawaru
 11949 | D:11     | Found a staircase to the Lair.
 11949 | D:11     | Noticed an oklob plant
 11965 | D:11     | Noticed an oklob plant
 11995 | D:11     | Noticed a skeletal warrior
 12003 | D:11     | Noticed a skeletal warrior
 12104 | Orc:1    | Entered Level 1 of the Orcish Mines
 12129 | Orc:1    | Noticed an orc warlord
 12641 | D:11     | Noticed a skeletal warrior
 13403 | D:9      | Upgraded the game from 0.19.0-2-gae57169 to 0.19.0-9-gfd783f2
 13461 | D:10     | Bought a potion of heal wounds for 55 gold pieces
 13461 | D:10     | Bought a potion of heal wounds for 55 gold pieces
 13502 | D:11     | Reached skill level 12 in Fighting
 13510 | D:11     | Killed an unseen horror
 13739 | D:11     | Killed a skeletal warrior
 13909 | D:11     | Noticed a manticore
 13926 | D:11     | Killed a manticore
 14401 | D:12     | Noticed a four-headed hydra
 14468 | D:12     | Slain by an 11-headed hydra

Skill      XL: |  1  2  3  4  5  6  7  8  9 10 11 |
---------------+----------------------------------+-----
Axes           | 3 4 5 8 9 10 11 | 11.0
Fighting       | 3 4 5 6 7 9 10 11 12 | 12.3
Armour         | 6 7 |  7.8
Throwing       | |  1.7
Dodging        | |  2.6

Action                   |  1- 3 |  4- 6 |  7- 9 | 10-12 || total
-------------------------+-------+-------+-------+-------++-------
Melee: War axe           |   112 |   182 |   486 |   496 ||  1276
       Punch             |       |       |       |     7 ||     7
Throw: Tomahawk          |       |       |       |     1 ||     1
Invok: Heroism           |       |       |     2 |    14 ||    16
Evoke: Wand              |       |       |       |     3 ||     3
  Use: Scroll            |       |     7 |     8 |     9 ||    24
       Potion            |       |       |     4 |     7 ||    11
 Stab: Sleeping          |     1 |       |       |       ||     1
       Distracted        |       |       |       |     1 ||     1
  Eat: Chunk             |     6 |     7 |    20 |    17 ||    50
       Meat ration       |       |       |       |     1 ||     1
Armor: Leather armour    |    29 |    12 |       |       ||    41
       Chain mail        |       |    62 |   343 |   451 ||   856
Dodge: Dodged            |    97 |    89 |   284 |   319 ||   789
